 Dungeon Crawl Stone Soup version 0.28.0-53-g5a82cb258f (webtiles) character file.

Game seed: 23757365603483377

718 DocClef the Firebug (level 7, 0/51 HPs)
             Began as a Gnoll Fire Elementalist on July 13, 2022.
             Was an Initiate of Hepliaklqana.
             Killed from afar by an orc wizard (3 damage)
             ... with a magic dart
             ... on level 5 of the Dungeon.
             The game lasted 00:09:29 (6614 turns).

DocClef the Firebug (Gnoll Fire Elementalist)       Turns: 6614, Time: 00:09:29

Health: 0/51       AC:  4    Str:  4    XL:     7   Next: 70%
Magic:  7/15       EV: 13    Int: 17    God:    Hepliaklqana [......]
Gold:   222        SH:  0    Dex: 12    Spells: 8/17 levels left

rFire   + . .      SeeInvis .   b - +1 whip (freeze)
rCold   + . .      Faith    .   (no shield)
rNeg    . . .      Spirit   .   a - +0 robe
rPois   .          Reflect  .   c - +0 helmet
rElec   .          Harm     .   r - scarf {+Inv}
rCorr   .          Rampage  .   i - +0 pair of gloves
Will    +....                   (no boots)
Stlth   +++.......              (no amulet)
HPRegen 0.17/turn               d - ring "Roanguol" {rF+ rC+ Will+ Str-3}
MPRegen 0.14/turn               f - ring of wizardry

@: no status effects
A: fangs 1, strong nose, distributed training
a: Renounce Religion, Evoke Invisibility


You were on level 5 of the Dungeon.
You worshipped Hepliaklqana.
Hepliaklqana was noncommittal.
You visited 2 branches of the dungeon, and saw 6 of its levels.

You collected 222 gold pieces.

Inventory:

Hand Weapons
 b - a +1 whip of freezing (weapon)
Armour
 a - a +0 robe (worn)
 c - a +0 helmet (worn)
 i - a +0 pair of gloves (worn)
 r - a scarf of invisibility (worn)
Jewellery
 d - the ring "Roanguol" (left hand) {rF+ rC+ Will+ Str-3}
   (You took it off a hobgoblin on level 1 of the Dungeon)

   [ring of protection from fire]

   Str:       It affects your strength (-3).
   rF:        It protects you from fire.
   rC:        It protects you from cold.
   Will:      It increases your willpower.
 f - a ring of wizardry (right hand)
 n - a +6 ring of intelligence
 p - a +6 ring of strength
Scrolls
 h - 3 scrolls of identify {unknown}
 q - a scroll of enchant weapon {unknown}
Potions
 e - 3 potions of heal wounds {unknown}
 g - a potion of haste {unknown}
 j - a potion of degeneration {unknown}
 k - a potion of ambrosia {unknown}
 l - a potion of curing {unknown}
 m - a potion of mutation {unknown}
 o - a potion of cancellation {unknown}


   Skills:
 + Level 2.6 Fighting
 + Level 2.6 Short Blades
 + Level 2.6 Long Blades
 + Level 2.6 Axes
 + Level 2.6 Maces & Flails
 + Level 2.6 Polearms
 + Level 2.6 Staves
 + Level 2.6 Slings
 + Level 2.6 Bows
 + Level 2.6 Crossbows
 + Level 2.6 Throwing
 + Level 2.6 Armour
 + Level 5.3 Dodging
 + Level 5.0 Stealth
 + Level 2.6 Shields
 + Level 2.6 Unarmed Combat
 + Level 5.7 Spellcasting
 + Level 3.1 Conjurations
 + Level 2.1 Hexes
 + Level 2.1 Summonings
 + Level 2.1 Necromancy
 + Level 2.1 Translocations
 + Level 2.1 Transmutations
 + Level 5.9 Fire Magic
 + Level 2.1 Ice Magic
 + Level 2.1 Air Magic
 + Level 2.1 Earth Magic
 + Level 2.1 Poison Magic
 + Level 3.0 Invocations
 + Level 2.6 Evocations


You had 8 spell levels left.
You knew the following spells:

 Your Spells              Type           Power      Damage    Failure   Level
a - Foxfire               Conj/Fire      80%        2x1d8     1%          1
b - Scorch                Fire           50%        2d7       1%          2
c - Conjure Flame         Conj/Fire      20%        6-21      2%          3
d - Inner Flame           Hex/Fire       18%        N/A       3%          3

Your spell library contained the following spells:

 Spells                   Type           Power      Damage    Failure   Level
 Summon Small Mammal      Summ           48%        N/A       2%          1
 Call Canine Familiar     Summ           12%        N/A       6%          3
 Summon Guardian Golem    Hex/Summ       12%        N/A       6%          3
 Flame Wave               Conj/Fire      20%        2d7       9%          4
 Cause Fear               Hex            6%         N/A       21%         4
 Discord                  Hex            6%         N/A       100%        8


Dungeon Overview and Level Annotations

Branches:
Dungeon (5/15)             Temple (1/1) D:4

Altars:
Ashenzari
Cheibriados
Dithmenos
Elyvilon
Fedhas
Hepliaklqana
Kikubaaqudgha
Makhleb
Nemelex Xobeh
Okawaru
Qazlal
Ru
Sif Muna
Trog
Uskayaw
Vehumet
Wu Jian
Xom
Yredelemnul
Zin
The Shining One

Shops:
D:1 (


Innate Abilities, Weirdness & Mutations

You have very sharp teeth.
Your uncanny sense of smell can sniff out nearby items.
Your experience applies equally to all skills.


Message History

An orc wizard is nearby!
An orc priest and an orc come into view.
The orc priest is wielding a +0 club and wearing a +1 scale mail of fire resistance.
The orc priest shouts!
The orc shouts!
A centaur zombie comes into view.
The orc priest looks braver for a moment.
The orc closely misses you.
The orc priest casts a cantrip, but nothing happens.
You conjure some foxfire!
The orc wizard completely misses you. The orc closely misses you.
There is not enough space to conjure foxfire!
Casting: Foxfire (safe; 1% risk of failure)
Confirm with . or Enter, or press ? or * to list all spells.
The fire begins to smoulder!
The foxfire hits the orc wizard!
The orc wizard is heavily wounded.
The orc wizard hits you with a +0 dagger.
The orc priest calls down the wrath of Beogh upon you.
Beogh smites you! The orc hits you with a +0 hand axe.
Casting: Conjure Flame (dangerous; 2% risk of failure)
Confirm with . or Enter, or press ? or * to list all spells.
The fire ignites!
You are engulfed in blazing flames.
You resist. The orc wizard misses you. The orc closely misses you.
The orc priest calls down the wrath of Beogh upon you.
Beogh smites you!
* * * LOW HITPOINT WARNING * * *
Your foxfire dissipates!
The orc wizard casts a spell.
The orc wizard flickers and vanishes!
Deactivating autopickup; reactivate with Ctrl-A.
The orc priest mumbles some strange prayers to Beogh against you.
Beogh smites you!
* * * LOW HITPOINT WARNING * * *
Unknown command.
The orc priest casts a cantrip, but nothing happens.
Casting: Conjure Flame (dangerous; 2% risk of failure)
Confirm with . or Enter, or press ? or * to list all spells.
The fire begins to smoulder!
A magic dart appears from out of thin air!
The magic dart hits you.
You die...

#...............#
.#.#######.####### .
#..# #o# #. #..# #.#
#.###(.# #{# #.....#
#.# #.#..# #.#
##....#######.#
###...........@.#
#.......###..#####.#
#.#.###.# #.........
#.# #.# ##.#####.#
#.# #.# #.# #.###.#
#.# #.#.#...# #.# ∆
#.#.#.### #.#
#^#.#.# #.#


You could see an orc priest.

Vanquished Creatures
  Sigmund (D:3)
  A phantom (D:5)
  A scorpion (D:5)
  A water moccasin skeleton (D:4)
  2 centaur skeletons
  Jessica (D:3)
  Natasha (thrice) (D:4)
  An iguana (D:5)
  An orc wizard (D:5)
  A hound skeleton (D:4)
  3 adders
  3 gnolls (D:3)
  A white imp (D:5)
  2 worms
  3 dart slugs
  11 orcs
  3 ball pythons (D:1)
  7 bats
  5 endoplasms
  5 giant cockroaches
  4 goblins
  7 hobgoblins
  3 jackals (D:2)
  7 kobolds
  4 quokkas
  A frilled lizard (D:1)
  5 rats
87 creatures vanquished.

Vanquished Creatures (others)
  456 foxfires
456 creatures vanquished.

Grand Total: 543 creatures vanquished

Notes
Turn   | Place    | Note
-------+----------+-------------------------------------------
     0 | D:1      | DocClef the Gnoll Fire Elementalist began the quest for the
                  | Orb.
     0 | D:1      | Reached XP level 1. HP: 13/13 MP: 6/6
   418 | D:1      | Reached XP level 2. HP: 19/19 MP: 2/7
   532 | D:1      | HP: 1/20 [kobold/+0 short sword (4)]
  1002 | D:1      | Identified the ring "Roanguol" {rF+ rC+ Will+ Str-3}
  1110 | D:1      | Found a faded altar of an unknown god.
  1441 | D:1      | Reached XP level 3. HP: 25/25 MP: 5/9
  1479 | D:1      | Reached skill level 5 in Spellcasting
  1999 | D:1      | Found Illibbej's Antique Weapon Emporium.
  2209 | D:2      | Reached skill level 1 in Invocations
  2510 | D:2      | Reached skill level 1 in Fighting
  2510 | D:2      | Reached skill level 1 in Short Blades
  2510 | D:2      | Reached skill level 1 in Long Blades
  2510 | D:2      | Reached skill level 1 in Axes
  2510 | D:2      | Reached skill level 1 in Maces & Flails
  2510 | D:2      | Reached skill level 1 in Polearms
  2510 | D:2      | Reached skill level 1 in Staves
  2510 | D:2      | Reached skill level 1 in Slings
  2510 | D:2      | Reached skill level 1 in Bows
  2510 | D:2      | Reached skill level 1 in Crossbows
  2510 | D:2      | Reached skill level 1 in Throwing
  2510 | D:2      | Reached skill level 1 in Armour
  2510 | D:2      | Reached skill level 1 in Shields
  2510 | D:2      | Reached skill level 1 in Unarmed Combat
  2510 | D:2      | Reached skill level 1 in Evocations
  2585 | D:2      | Reached XP level 4. HP: 32/32 MP: 0/11
  2588 | D:2      | Learned a level 2 spell: Scorch
  2592 | D:2      | Learned a level 3 spell: Conjure Flame
  2596 | D:2      | Learned a level 3 spell: Inner Flame
  3261 | D:3      | Reached skill level 1 in Hexes
  3261 | D:3      | Reached skill level 1 in Summonings
  3261 | D:3      | Reached skill level 1 in Necromancy
  3261 | D:3      | Reached skill level 1 in Translocations
  3261 | D:3      | Reached skill level 1 in Transmutations
  3261 | D:3      | Reached skill level 1 in Ice Magic
  3261 | D:3      | Reached skill level 1 in Air Magic
  3261 | D:3      | Reached skill level 1 in Earth Magic
  3261 | D:3      | Reached skill level 1 in Poison Magic
  3451 | D:3      | Reached XP level 5. HP: 24/37 MP: 5/12
  3671 | D:3      | Noticed Sigmund
  3679 | D:3      | Killed Sigmund
  3680 | D:3      | Reached XP level 6. HP: 44/44 MP: 4/14
  4054 | D:3      | Noticed Jessica
  4057 | D:3      | Killed Jessica
  4058 | D:3      | Reached skill level 5 in Dodging
  4488 | D:4      | Noticed Natasha
  4494 | D:4      | Killed Natasha
  4613 | D:4      | Found a staircase to the Ecumenical Temple.
  4644 | Temple   | Entered the Ecumenical Temple
  4763 | Temple   | Became a worshipper of Hepliaklqana the Forgotten
  5332 | D:4      | Noticed Natasha
  5338 | D:4      | Killed Natasha
  5339 | D:4      | Reached XP level 7. HP: 50/50 MP: 9/15
  5585 | D:4      | Noticed Natasha
  5590 | D:4      | Killed Natasha
  5599 | D:5      | Entered Level 5 of the Dungeon
  6343 | D:5      | Reached skill level 5 in Stealth
  6603 | D:5      | HP: 1/51 [orc priest/divine providence (12)]
  6614 | D:5      | Killed from afar by an orc wizard

Illustrated notes

Levels and vault maps discovered:
D:1:      minmay_arrival_four_houses, layout_basic, serial_shops, shop,
          hellmonk_ecumenical_altar_lost_god, serial_bayou_pond_c
D:2:      layout_basic, dk_vineyard_3
D:3:      layout_basic, grunt_ministairs_3, uniq_jessica, uniq_sigmund
D:4:      layout_loops_ring, minmay_temple_entry_slanted, uniq_natasha
D:5:      minmay_diamond_boxcup, layout_loops_ring
Temple:   kilobyte_greek_temple

Skill      XL: |  1  2  3  4  5  6  7 |
---------------+----------------------+-----
Conjurations   | 2 3 |  3.1
Spellcasting   | 5 |  5.7
Invocations    | 1 2 3 |  3.0
Fighting       | 1 2 |  2.6
Short Blades   | 1 2 |  2.6
Long Blades    | 1 2 |  2.6
Axes           | 1 2 |  2.6
Maces & Flails | 1 2 |  2.6
Polearms       | 1 2 |  2.6
Staves         | 1 2 |  2.6
Slings         | 1 2 |  2.6
Bows           | 1 2 |  2.6
Crossbows      | 1 2 |  2.6
Throwing       | 1 2 |  2.6
Armour         | 1 2 |  2.6
Shields        | 1 2 |  2.6
Unarmed Combat | 1 2 |  2.6
Evocations     | 1 2 |  2.6
Hexes          | 1 2 |  2.1
Summonings     | 1 2 |  2.1
Necromancy     | 1 2 |  2.1
Translocations | 1 2 |  2.1
Transmutations | 1 2 |  2.1
Ice Magic      | 1 2 |  2.1
Air Magic      | 1 2 |  2.1
Earth Magic    | 1 2 |  2.1
Poison Magic   | 1 2 |  2.1
Dodging        | 5 |  5.3
Stealth        | 5 |  5.0
Fire Magic     | |  5.9

Action                   |  1- 3 |  4- 6 |  7- 9 || total
-------------------------+-------+-------+-------++-------
Melee: Whip              |    31 |    20 |    27 ||    78
       Bite              |     5 |     2 |     5 ||    12
       Punch             |     1 |       |     2 ||     3
 Cast: Foxfire           |   118 |   116 |    49 ||   283
       Conjure Flame     |       |     5 |    13 ||    18
       Inner Flame       |       |     2 |     2 ||     4
 Stab: Sleeping          |       |     1 |       ||     1
Armor: Robe              |     7 |     9 |    14 ||    30
Dodge: Dodged            |    27 |    21 |    31 ||    79
